 Dungeon Crawl Stone Soup version 0.27-a0-860-gaf99fae3ca (webtiles) character file.

Game seed: 15661716115789627730

44 rocky1 the Shield-Bearer (level 3, 0/31 HPs)
             Began as a Minotaur Fighter on Apr 2, 2021.
             Slain by an orc
             ... wielding a +1 hand axe of electrocution
              (4 damage)
             ... on level 2 of the Dungeon.
             The game lasted 00:02:27 (1666 turns).

rocky1 the Shield-Bearer (Minotaur Fighter)         Turns: 1666, Time: 00:02:28

Health: 0/31       AC:  9    Str: 21    XL:     3   Next: 41%
Magic:  2/2        EV:  7    Int:  5    God:
Gold:   131        SH: 10    Dex: 15    Spells: 2/2 levels left

rFire    . . .     SeeInvis .   j - +0 whip (vamp)
rCold    . . .     Faith    .   c - +0 kite shield
rNeg     . . .     Spirit   .   b - +0 scale mail
rPois    +         Reflect  .   (helmet restricted)
rElec    .         Harm     .   i - +0 cloak
rCorr    .         Rampage  .   (no gloves)
Will     .....                  e - +0 pair of boots
Stlth    ..........             (no amulet)
HPRegen  0.10/turn              k - ring of poison resistance
MPRegen  0.08/turn              f - +6 ring of dexterity

@: no status effects
A: horns 2, retaliatory headbutt
a: no special abilities


You were on level 2 of the Dungeon.
You visited 1 branch of the dungeon, and saw 2 of its levels.

You collected 131 gold pieces.

Inventory:

Hand Weapons
 a - a +0 flail
 j - a +0 vampiric whip (weapon)
Armour
 b - a +0 scale mail (worn)
 c - a +0 kite shield (worn)
 e - a +0 pair of boots (worn)
 i - a +0 cloak (worn)
Jewellery
 f - a +6 ring of dexterity (right hand)
 k - a ring of poison resistance (left hand)
Scrolls
 g - a scroll of blinking
 h - a scroll of identify
Potions
 d - 2 potions of might


   Skills:
 - Level 3.6 Fighting
 + Level 3.7 Maces & Flails
 - Level 3.6 Armour
 + Level 4.6 Shields


You had 2 spell levels left.
You didn't know any spells.
Your spell library contained the following spells:

 Spells                   Type           Power      Damage    Failure   Level
 Corona                   Hex            0%         N/A       99%         1
 Ensorcelled Hibernation  Hex/Ice        0%         N/A       100%        2
 Confusing Touch          Hex            0%         N/A       100%        3
 Dazzling Flash           Conj/Hex       0%         N/A       100%        3
 Tukima's Dance           Hex            0%         N/A       100%        3


Dungeon Overview and Level Annotations

Branches:
Dungeon (2/15)

Altars:


Innate Abilities, Weirdness & Mutations

You have a pair of horns on your head.
You reflexively headbutt those who attack you in melee.


Message History

You barely miss the orc. You block the orc's attack.
You hit the orc but do no damage. The orc hits you but does no damage.
You closely miss the orc. You headbutt the orc, but do no damage.
The orc barely misses you. You furiously retaliate!
You headbutt the orc, but do no damage.
Your shield prevents you from hitting the orc.
Your headbutt misses the orc. The orc hits you with a +0 club.
The orc priest looks encouraged for a moment.
You hit the orc but do no damage. The orc hits you with a +0 club. x2
You hit the orc.
You feel better.
You headbutt the orc, but do no damage.
The orc is lightly wounded.
You block the orc's attack.
The orc drinks a potion.
The orc seems to speed up.
You barely miss the orc. Your headbutt misses the orc.
The orc is lightly wounded.
You completely miss the orc. You headbutt the orc.
The orc is lightly wounded.
You block the orc's attack.
You barely miss the orc. Your headbutt misses the orc.
The orc is lightly wounded.
The orc hits you with a +1 hand axe of electrocution.
You are electrocuted!!
Ouch! That really hurt!
* * * LOW HITPOINT WARNING * * *
You are too injured to fight recklessly!
You are too injured to fight recklessly!
You are too injured to fight recklessly!
You are too injured to fight recklessly!
You are too injured to fight recklessly!
You are too injured to fight recklessly!
You are too injured to fight recklessly!
You are too injured to fight recklessly!
You closely miss the orc.
The orc is lightly wounded.
The orc hits you with a +1 hand axe of electrocution.
* * * LOW HITPOINT WARNING * * *
You block the orc's attack.
You barely miss the orc.
The orc is lightly wounded.
The orc hits you with a +1 hand axe of electrocution.
You die...

#### ### #.. ##.## #.#
# # #######
##.#.######.####.#...#
#......
#.#...........@oo..#
#.#####
##...#.####.####o#...#
#.# ### ##.#...###...
.. . #.# #..
##.#.....###### #.#
#.# #.# .##.###...## #
#.# #.# ...## ##.##
..# #.###.# .##.###..#
#.# #...... ##.#.#.#
... #####.# ##.##'##
#.# #......


You could see an orc priest and 2 orcs.

Vanquished Creatures
  An adder (D:2)
  5 ball pythons (D:1)
  5 endoplasms (D:1)
  2 goblins (D:1)
  A hobgoblin (D:1)
  8 jackals (D:1)
  4 bats (D:1)
  4 kobolds (D:1)
  2 rats (D:1)
32 creatures vanquished.

Vanquished Creatures (others)
  A fungus (D:1)
  3 toadstools (D:1)
4 creatures vanquished.

Grand Total: 36 creatures vanquished

Notes
Turn   | Place    | Note
-------+----------+-------------------------------------------
     0 | D:1      | rocky1 the Minotaur Fighter began the quest for the Orb.
     0 | D:1      | Reached XP level 1. HP: 19/19 MP: 0/0
   320 | D:1      | Reached skill level 4 in Shields
   414 | D:1      | Reached XP level 2. HP: 25/26 MP: 1/1
   709 | D:1      | Found a faded altar of an unknown god.
  1014 | D:1      | Reached XP level 3. HP: 31/31 MP: 2/2
  1666 | D:2      | Slain by an orc

Illustrated notes

Levels and vault maps discovered:
D:1:      shiori_arrival_elements, layout_basic, basic_ecumenical_altar,
          minmay_gold_behind_fungi, item_on_display_a
D:2:      layout_loops_corners, uniq_natasha

Skill      XL: |  1 |
---------------+----+-----
Shields        | 4 |  4.6
Maces & Flails | 3 |  3.7
Fighting       | |  3.6
Armour         | |  3.6

Action                   || total
-------------------------++-------
Melee: Flail             ||    41
       Headbutt          ||    14
       Whip              ||    55
  Use: Scroll            ||     1
Armor: Scale mail        ||    42
Dodge: Dodged            ||    35
Block: Kite shield       ||    42

Table legend: (Time is in decaauts)
 A = Elapsed time spent in this place.
 B = Non-inter-level travel time spent in this place.
 C = Inter-level travel time spent in this place.
 D = Time resting spent in this place.
 E = Time spent auto-exploring this place.
 F = Levels seen in this place.
 G = Mean time per level.
                   A        B        C        D        E       F      G
               +--------+--------+--------+--------+--------+-----+--------+
         Total |   1691 |   1625 |     66 |     58 |   1277 |   2 |  845.5 |
       Dungeon |   1691 |   1625 |     66 |     58 |   1277 |   2 |  845.5 |
               +--------+--------+--------+--------+--------+-----+--------+

Top non-repeatable levels by time:
     D:1: 1412 daAuts
     D:2: 279 daAuts
